AoeStats
← SauloMagnus

Arabia

505479897Analyzed
1v1 RM · 24d ago on Sep 9, 2026· 52m 38s· 2 players
Game mode
Random Map
Map size
Tiny (2 player)
Population
200
Speed
Normal
Resources
Standard
Victory
Conquest
Starting age
Dark Age
Ending age
Imperial Age
RankedLock teamsTeams togetherTeam positionsShared explorationLock speedFull tech treeHidden civsTurbo modeCheats
Victory
Defeat
🇫🇷 Lithuanians · France
1018
+15
🇪🇸 Poles · Spain
1005
-15
SauloMagnus
7:18 Loom
9:53 Feudal Age
15:04 Bloodlines
22:31 Castle Age
20:51 Double-Bit Axe
20:48 Horse Collar
21:43 Scale Barding Armor
22:00 Gold Mining
22:25 Fletching
25:06 Heavy Plow
26:17 Husbandry
27:30 Wheelbarrow
26:27 Light Cavalry
32:08 Bow Saw
32:38 Chain Barding Armor
39:18 Forging
43:24 Scale Mail Armor
44:22 Chain Mail Armor
45:31 Iron Casting
51:35 Pikeman
52:19 Squires
52:57 Szlachta Privileges
La Horde d'or
7:40 Loom
10:32 Feudal Age
20:46 Castle Age
19:44 Scale Barding Armor
20:31 Bloodlines
20:21 Double-Bit Axe
24:58 Forging
26:46 Scale Mail Armor
27:19 Pikeman
29:41 Wheelbarrow
32:16 Town Watch
33:55 Iron Casting
37:08 Chain Mail Armor
39:01 Chain Barding Armor
47:30 Imperial Age
47:20 Elite Skirmisher
47:41 Cavalier
49:59 Fletching
53:26 Conscription
Connection lost

Rejoining the realm…

Still unreachable

The connection could not be restored.

Session expired

The server has moved on; the page needs a fresh start.